 Dungeon Crawl Stone Soup version 0.17.1-3-g152610e (webtiles) character file.

305 moxian the Charmwright (level 6, -2/42 HPs)
             Began as a High Elf Skald on Apr 17, 2016.
             Slain by an orc wizard
             ... wielding a +0 dagger
              (3 damage)
             ... on level 2 of the Dungeon.
             The game lasted 00:20:57 (2474 turns).

moxian the Charmwright (High Elf Skald)             Turns: 2474, Time: 00:20:58

Health: -2/42      AC:  5    Str: 12    XL:     6   Next: 15%
Magic:  6/12       EV: 11    Int: 21    God:
Gold:   97         SH:  0    Dex: 16    Spells: 2 memorised, 8 levels left

rFire  . . .     SeeInvis .     a - +0 falchion
rCold  . . .     Clarity  .     m - +0 ring mail
rNeg   . . .     SustAt   .     (no shield)
rPois  .         Gourm    .     (no helmet)
rElec  .         Spirit   .     (no cloak)
rCorr  .         Warding  .     (no gloves)
rMut   .         Stasis   .     (no boots)
MR     .....                    (no amulet)
Stlth  ..........               s - ring of flight
                                p - ring of loudness (curse)

@: brilliant, shrouded, infused, flying, not resistant to hostile enchantments,
extremely unstealthy
A: no striking features
a: no special abilities


You were on level 2 of the Dungeon.
You were hungry.

You visited 1 branch of the dungeon, and saw 3 of its levels.

You collected 97 gold pieces.

Inventory:

Hand Weapons
 a - a +0 falchion (weapon)
 g - a +0 hunting sling
 i - a +0 hunting sling
 r - a +0 falchion
Missiles
 h - 22 sling bullets
 j - 79 stones (quivered)
 k - 38 bolts
 t - 2 throwing nets
 v - 33 arrows
 x - 16 poisoned needles
Armour
 b - a +0 leather armour
 m - a +0 ring mail (worn)
 A - a +0 chain mail
Jewellery
 p - a cursed ring of loudness (left hand)
 s - a ring of flight (right hand)
 y - an uncursed ring of poison resistance {unknown}
Scrolls
 l - 3 scrolls of amnesia {unknown}
 o - 3 scrolls of identify {unknown}
 q - 5 scrolls of remove curse {unknown}
 w - a scroll of random uselessness {unknown}
Potions
 f - a potion of brilliance
Books
 e - a book of Battle

   Spells                             Type                      Level
   a - Infusion                       Charms                       1
   b - Shroud of Golubria             Charms/Translocation         2
   c - Song of Slaying                Charms                       2
   d - Spectral Weapon                Hexes/Charms                 3
   e - Regeneration                   Charms/Necromancy            3
Comestibles
 c - 4 bread rations
 d - 3 chunks of flesh
 n - 3 meat rations


   Skills:
 + Level 3.0 Fighting
 * Level 3.7 Long Blades
 + Level 1.9 Armour
 + Level 2.9 Dodging
 * Level 3.4 Spellcasting
 + Level 4.2 Charms
 + Level 1.3 Translocations
 + Level 2.1 Evocations


You had 8 spell levels left.
You knew the following spells:

 Your Spells              Type           Power        Failure   Level  Hunger
a - Infusion              Chrm           ####..       1%          1    None
b - Shroud of Golubria    Chrm/Tloc      ####......   1%          2    ##.....


Dungeon Overview and Level Annotations

Branches:
Dungeon (3/15)

Altars:
Ashenzari

Annotations:
D:3 exclusion: 2 doors, Robin


Message History

The orc wizard is severely wounded.
The orc wizard hits you with a dagger.
* * * LOW HITPOINT WARNING * * *
The orc wizard misses you.
You hit the orc wizard.
The orc wizard is almost dead.
The orc wizard closely misses you. The orc wizard barely misses you.
You barely miss the orc wizard.
The orc wizard is almost dead.
The orc wizard hits you but does no damage.
You closely miss the orc wizard.
The orc wizard is almost dead.
The orc wizard mumbles some strange words.
The orc wizard blinks!
The orc wizard mumbles some strange words.
The orc wizard blinks!
You closely miss the orc wizard.
The orc wizard is almost dead.
The orc wizard hits you with a dagger.
You die...

....<..# #.....#.#
#.###### #.#.#.#.#
#.###########.._..#.#
#..........####.###.#
##########.# #..##.#
##########.#####.##.#
.................##.#
##########.########.#
...........##..o@)>ยง#
##########.##.#######
#.##.# #.##.#
#.##)#########
#.##.........#
#.##########.# #.#####
#.# #.....# #.#


You could see an orc wizard.

Vanquished Creatures
  The ghost of bollicks1999 the Sneak, an amateur OpAs (D:3)
  An ogre (D:3)
  Jessica (D:2)
  3 adders
  3 gnolls (D:2)
  2 worms
  A giant gecko (D:3)
  6 orcs
  A ball python (D:1)
  9 bats
  3 giant cockroaches
  17 goblins
  10 hobgoblins
  6 kobolds
  7 giant newts
  8 rats
79 creatures vanquished.

Notes
Turn   | Place    | Note
--------------------------------------------------------------
     0 | D:1      | moxian the High Elf Skald began the quest for the Orb.
     0 | D:1      | Reached XP level 1. HP: 14/14 MP: 4/4
   190 | D:1      | Reached XP level 2. HP: 12/20 MP: 6/6
   312 | D:1      | Reached skill level 4 in Charms
   439 | D:1      | Learned a level 2 spell: Shroud of Golubria
   463 | D:1      | Reached skill level 1 in Armour
   757 | D:1      | Reached XP level 3. HP: 21/25 MP: 4/7
  1004 | D:2      | Found a shattered altar of Ashenzari.
  1367 | D:2      | Noticed Jessica
  1373 | D:2      | Reached XP level 4. HP: 17/30 MP: 5/9
  1374 | D:2      | Killed Jessica
  1627 | D:2      | Reached skill level 1 in Evocations
  1724 | D:3      | Noticed bollicks1999's ghost (amateur OpAs)
  1744 | D:3      | Killed bollicks1999's ghost
  1744 | D:3      | Reached skill level 1 in Translocations
  1744 | D:3      | Reached XP level 5. HP: 15/36 MP: 0/10
  1976 | D:3      | Noticed an ogre
  2007 | D:3      | Killed an ogre
  2007 | D:3      | Reached XP level 6. HP: 37/41 MP: 4/11
  2379 | D:3      | Noticed Robin
  2463 | D:2      | HP: 2/42 [orc wizard/dagger (4)]
  2470 | D:2      | HP: 1/42 [orc wizard/dagger (1)]
  2474 | D:2      | Slain by an orc wizard

Action                   |  1- 3 |  4- 6 || total
-------------------------+-------+-------++-------
Melee: Falchion          |   134 |   155 ||   289
Throw: Stone             |       |     4 ||     4
 Cast: Shroud of Golubri |     8 |    11 ||    19
       Infusion          |     1 |     3 ||     4
  Use: Potion            |     3 |     3 ||     6
  Eat: Chunk             |     2 |     4 ||     6
